 Dungeon Crawl Stone Soup version 0.30-a0-748-ge6a52f7cba (webtiles) character file.

Game seed: 12252372165271824717

20273 avis the Skirmisher (level 12, -16/96 HPs)
             Began as a Demigod Hunter on Feb 8, 2023.
             Killed from afar by a will-o-the-wisp (24 damage)
             ... with a foxfire
             ... on level 3 of the Lair of Beasts.
             The game lasted 01:30:20 (15252 turns).

avis the Skirmisher (Demigod Hunter)               Turns: 15252, Time: 01:30:21

Health: -16/96     AC:  9    Str: 12    XL:     12   Next: 15%
Magic:  15/15      EV: 45    Int: 11    God:
Gold:   950        SH:  0    Dex: 39    Spells: 11/11 levels left

rFire   . . .      SeeInvis .    a - +0 arbalest
rCold   . . .      Faith    .    (shield currently unavailable)
rNeg    . . .      Spirit   .    R - +0 steam dragon scales
rPois   .          Reflect  .    u - +2 helmet
rElec   .          Harm     +    I - scarf {harm}
rCorr   .          Rampage  .    C - +0 pair of gloves
Will    +....                    (no boots)
Stlth   ++++                     H - amulet of the acrobat
HPRegen 0.36/turn                n - +6 ring of dexterity
MPRegen 0.14/turn                y - ring of flight

@: acrobatic, flying
A: high MP 1, forlorn, divine attributes
a: no special abilities


You were on level 3 of the Lair of Beasts.
You visited 3 branches of the dungeon, and saw 14 of its levels.

You collected 950 gold pieces.

Inventory:

Hand Weapons
 a - a +0 arbalest (weapon)
 b - a +1 scimitar of flaming
Missiles
 M - 3 throwing nets
Armour
 u - a +2 helmet (worn)
 C - a +0 pair of gloves (worn)
 I - a scarf of harm (worn)
 R - +0 steam dragon scales (worn)
 S - a scarf of invisibility
Jewellery
 j - a ring of protection from fire
 n - a +6 ring of dexterity (left hand)
 y - a ring of flight (right hand)
 D - a ring of positive energy
 H - an amulet of the acrobat (around neck)
Wands
 i - a wand of mindburst (8)
 q - a wand of light (30)
 A - a wand of roots (31)
 J - a wand of flame (14)
 K - a wand of paralysis (8)
Scrolls
 f - a scroll of magic mapping {unknown}
 k - 6 scrolls of fog {unknown}
 m - 2 scrolls of poison {unknown}
 o - 7 scrolls of noise {unknown}
 r - a scroll of vulnerability {unknown}
 v - 4 scrolls of fear {unknown}
 x - 3 scrolls of immolation
 B - a scroll of brand weapon {unknown}
 L - 2 scrolls of blinking {unknown}
 Q - 5 scrolls of teleportation {unknown}
Potions
 c - 8 potions of curing
 e - 5 potions of brilliance
 g - 4 potions of berserk rage
 h - 5 potions of flight
 p - a potion of haste {unknown}
 s - 4 potions of invisibility
 t - 4 potions of might
 F - 3 potions of magic
 G - a potion of degeneration {unknown}
 N - 2 potions of ambrosia {unknown}
 O - 3 potions of heal wounds
 P - a potion of resistance {unknown}


   Skills:
 - Level 6.0 Fighting
 * Level 13.7 Ranged Weapons
 - Level 12.0 Dodging
 - Level 5.0 Stealth


You had 11 spell levels left.
You didn't know any spells.
Your spell library contained the following spells:

 Spells                   Type           Power      Damage    Failure   Level
 Foxfire                  Conj/Fire      0%         2x1d4     34%         1
 Necrotise                Necr           0%         1d4       34%         1
 Scorch                   Fire           0%         2d5       47%         2
 Static Discharge         Conj/Air       0%         2-2/arc   47%         2
 Dazzling Flash           Conj/Hex       0%         N/A       71%         3
 Animate Armour           Summ/Erth      0%         N/A       98%         4
 Flame Wave               Conj/Fire      0%         2d4       98%         4
 Agony                    Necr           0%         N/A       100%        5
 Blade Hands              Tmut           0%         N/A       100%        5
 Fireball                 Conj/Fire      0%         3d3       100%        5
 Iskenderun's Battlesphe  Conj           0%         2d6       100%        5
 Silence                  Hex/Air        0%         N/A       100%        5
 Iron Shot                Conj/Erth      0%         9d1       100%        6
 Starburst                Conj/Fire      0%         6d3       100%        6
 Summon Cactus Giant      Summ           0%         N/A       100%        6
 Spellforged Servitor     Conj/Summ      0%         N/A       100%        7


Dungeon Overview and Level Annotations

Branches:
Dungeon (10/15)            Temple (1/1) D:5            Lair (3/5) D:10
  Swamp (0/4) Lair:3        Snake (0/4) Lair:2          Orc (0/2) D:9

Shops:
D:8 (

Annotations:
D:10 2 runed translucent doors


Innate Abilities, Weirdness & Mutations

You have an increased reservoir of magic. (+10% MP)
You shall have no god before yourself.
Your divine heritage dramatically boosts your attributes as you level up.


Message History

Found a staircase to the Swamp.
There is a stone staircase leading up here.
Fire: a) +0 arbalest
Press: ? - help, Q - select action, (/) - cycle Shift-Dir - straight line, f - will-o-the-wisp
Aim: a will-o-the-wisp (dormant, 98% to hit)
You shoot a bolt. The bolt hits the will-o-the-wisp.
The will-o-the-wisp gives a chilling moan.
The will-o-the-wisp is lightly damaged.
The will-o-the-wisp gestures.
The will-o-the-wisp conjures some foxfire! 2 foxfires come into view.
Fire: a) +0 arbalest
Press: ? - help, Q - select action, (/) - cycle Shift-Dir - straight line, f/p - will-o-the-wisp
Aim: a will-o-the-wisp (thin mist, lightly damaged, 74% to hit)
You shoot a bolt. The bolt hits the will-o-the-wisp!!
The will-o-the-wisp is severely damaged.
The foxfire hits you!! x2
Fire: a) +0 arbalest
Press: ? - help, Q - select action, (/) - cycle Shift-Dir - straight line, f/p - will-o-the-wisp
Aim: a will-o-the-wisp (thin mist, severely damaged, 74% to hit)
You shoot a bolt. The bolt hits the will-o-the-wisp.
The will-o-the-wisp is almost destroyed.
The will-o-the-wisp gestures.
The will-o-the-wisp conjures some foxfire! 2 foxfires come into view.
Fire: a) +0 arbalest
Press: ? - help, Q - select action, (/) - cycle Shift-Dir - straight line, f/p - will-o-the-wisp
Aim: a will-o-the-wisp (thin mist, almost destroyed, 74% to hit)
You shoot a bolt.
The bolt hits the will-o-the-wisp but does no damage.
The will-o-the-wisp is almost destroyed.
The foxfire hits you!
* * * LOW HITPOINT WARNING * * *
The foxfire hits you!
* * * LOW HITPOINT WARNING * * *
The will-o-the-wisp gestures.
The will-o-the-wisp conjures some foxfire! 2 foxfires come into view.
The foxfire hits you!!
You die...

... ..# .. ..##
.. .
###.###...##..
P.#P..#.....#...
................
................
.......<........
.......@........
.......v§§......
.......vv§~.....
....###§§§...#P.
##. ~§§§§.## #.
#~#§.§... .
###....PP.
...$.##.. ......
#.


You could see a will-o-the-wisp.

Vanquished Creatures
  Harold (D:10)
  Erica (D:10)
  A two-headed ogre (D:10)
  Nergalle (Lair:2)
  An oklob plant (Lair:1)
  2 black mambas (Lair:2)
  8 cane toads
  An ice statue (D:7)
  Joseph (D:8)
  An unseen horror (D:7)
  A rime drake (Lair:2)
  5 komodo dragons
  A hornet (D:8)
  Prince Ribbit (D:7)
  5 blink frogs (Lair:1)
  3 wyverns
  23 yaks
  Grum (D:10)
  4 fire bats (D:10)
  3 steam dragons
  A vampire (D:10)
  3 vampire mosquitoes (D:10)
  2 water moccasins
  A hell hound (D:10)
  6 orc warriors
  5 black bears
  2 ice beasts
  A sky beast (D:8)
  3 ogres
  3 centaurs
  11 wolves
  3 kobold brigands (D:9)
  8 bullfrogs
  A gnoll sergeant (D:10)
  A necrophage (D:5)
  A scorpion (D:3)
  3 wights
  9 killer bees (D:9)
  2 lava snakes (D:10)
  4 hounds
  2 jellies (D:5)
  5 orc priests
  Crazy Yiuf (D:5)
  2 gnoll boudas
  Natasha (thrice) (D:3)
  An iguana (D:4)
  5 orc wizards
  Robin (D:3)
  18 gnolls
  11 adders
  A white imp (D:6)
  3 ufetubi
  4 worms
  7 dart slugs
  38 orcs
  2 bats (D:3)
  6 endoplasms
  A giant cockroach (D:1)
  17 goblins
  6 hobgoblins
  3 jackals (D:1)
  26 kobolds
  5 quokkas
  7 ball pythons
  A frilled lizard (D:1)
  4 rats
  3 fire vortices (D:10)
318 creatures vanquished.

Vanquished Creatures (others)
  4 foxfires (Lair:3)
  A fungus (Lair:1)
  5 plants
10 creatures vanquished.

Grand Total: 328 creatures vanquished

Notes
Turn   | Place    | Note
-------+----------+-------------------------------------------
     0 | D:1      | avis the Demigod Hunter began the quest for the Orb.
     0 | D:1      | Reached XP level 1. HP: 17/17 MP: 3/3
   212 | D:1      | Reached skill level 4 in Ranged Weapons
   246 | D:1      | Reached XP level 2. HP: 24/24 MP: 4/4
   773 | D:2      | Reached XP level 3. HP: 27/29 MP: 5/5
   856 | D:2      | Reached skill level 1 in Stealth
  1077 | D:2      | Reached XP level 4. HP: 28/36 MP: 6/6
  1622 | D:3      | Noticed Natasha
  1744 | D:3      | Reached skill level 5 in Ranged Weapons
  1749 | D:3      | Reached XP level 5. HP: 5/41 MP: 7/7
  1749 | D:3      | HP: 1/41 [hobgoblin (3)]
  2203 | D:3      | Noticed Robin
  2315 | D:3      | Killed Robin
  2540 | D:3      | Reached skill level 6 in Ranged Weapons
  2935 | D:3      | Killed Natasha
  3149 | D:3      | Noticed Natasha
  3179 | D:3      | Killed Natasha
  3180 | D:3      | Reached XP level 6. HP: 36/48 MP: 8/8
  3182 | D:3      | Noticed Natasha
  3185 | D:3      | Killed Natasha
  3480 | D:4      | Got Qystrom's Grimoire of Damage
  4428 | D:5      | Entered Level 5 of the Dungeon
  4597 | D:5      | Reached skill level 5 in Dodging
  4748 | D:5      | Reached XP level 7. HP: 55/55 MP: 9/9
  4759 | D:5      | Found a staircase to the Ecumenical Temple.
  4792 | Temple   | Entered the Ecumenical Temple
  5511 | D:5      | Found a runed translucent door.
  5516 | D:5      | Noticed Crazy Yiuf
  5917 | D:6      | Reached skill level 7 in Ranged Weapons
  5917 | D:6      | Reached XP level 8. HP: 58/63 MP: 10/10
  6451 | D:6      | Reached skill level 8 in Ranged Weapons
  6589 | D:6      | Got Kikubaaqudgha's Directory of Stolen Souls
  8014 | D:7      | Reached XP level 9. HP: 71/71 MP: 11/11
  8550 | D:7      | Noticed an ice statue
  8556 | D:7      | Killed an ice statue
  8808 | D:8      | Noticed Prince Ribbit
  8812 | D:7      | Killed Prince Ribbit
  8813 | D:7      | Reached skill level 9 in Ranged Weapons
  8899 | D:8      | Found Sytz's Weapon Shop.
  9046 | D:7      | Killed an unseen horror
  9047 | D:7      | Reached skill level 10 in Ranged Weapons
  9303 | D:8      | Noticed Joseph
  9314 | D:8      | Killed Joseph
  9394 | D:8      | Noticed a cacodemon
  9490 | D:8      | Reached XP level 10. HP: 65/78 MP: 13/13
  9497 | D:8      | Reached skill level 10 in Dodging
  9993 | D:9      | Found a staircase to the Orcish Mines.
 10126 | D:9      | Reached skill level 5 in Fighting
 11345 | D:5      | Killed Crazy Yiuf
 11476 | D:10     | Entered Level 10 of the Dungeon
 11833 | D:10     | Found a staircase to the Lair.
 11848 | D:10     | Reached skill level 11 in Ranged Weapons
 11885 | D:10     | Noticed Grum
 11902 | D:10     | Killed Grum
 12184 | D:10     | Reached skill level 12 in Ranged Weapons
 12184 | D:10     | Reached XP level 11. HP: 86/86 MP: 14/14
 12295 | D:10     | Found a runed translucent door.
 12297 | D:10     | Found a runed translucent door.
 12360 | D:10     | Noticed a two-headed ogre
 12364 | D:10     | Killed a two-headed ogre
 12467 | D:10     | Noticed Erica
 12471 | D:10     | Killed Erica
 12504 | D:10     | Noticed Harold
 12511 | D:10     | Killed Harold
 12869 | Lair:1   | Entered Level 1 of the Lair of Beasts
 13078 | Lair:1   | Reached skill level 5 in Stealth
 14283 | Lair:1   | Upgraded the game from 0.30-a0-743-gbfdf073431 to
                  | 0.30-a0-748-ge6a52f7cba
 14454 | Lair:2   | Found a staircase to the Snake Pit.
 14492 | Lair:2   | Noticed Nergalle
 14505 | Lair:2   | Reached skill level 13 in Ranged Weapons
 14513 | Lair:2   | Killed Nergalle
 14514 | Lair:2   | Reached XP level 12. HP: 81/96 MP: 15/15
 15247 | Lair:3   | Found a staircase to the Swamp.
 15252 | Lair:3   | Killed from afar by a will-o-the-wisp

Illustrated notes

Levels and vault maps discovered:
D:1:      dpeg_arrival_erosion, layout_basic
D:2:      layout_loops_cross
D:3:      minmay_inner_zag, layout_basic, marbit_many_paths,
          general_overflow_altar, nicolae_qazlal_general_emergency,
          uniq_natasha, uniq_robin
D:4:      layout_loops_corners, chequers_decorated_corner,
          reono_crystal_passage, minmay_bent
D:5:      layout_basic, grunt_gozag_breadcrumbs, temple_statues,
          minmay_fractal_squares_diagonal_5, uniq_crazy_yiuf_cottage
D:6:      layout_loops_ring, grunt_temple_overflow_magic_moments,
          lemuel_doored_altar
D:7:      lemuel_ice_statue, layout_basic
D:8:      layout_cave_pools, makhleb_altar_promises_db,
          nicolae_dithmenos_shadow_blocks, serial_shops,
          nicolae_shop_bloodbath_and_beyond, uniq_prince_ribbit1, uniq_joseph
D:9:      layout_grid_maze, kennysheep_mini_moat, lemuel_crystal_altar,
          david_orc_4
D:10:     lemuel_insect_pit, layout_irregular_city, nemelex_spade_bored_becter,
          elyvilon_altar_3, david_lair_shrubbed, hangedman_incinerator,
          uniq_harold, uniq_erica, uniq_grum
Temple:   nicolae_temple_bog_church
Lair:1:   layout_loops_ring
Lair:2:   layout_concentric_octagons, dummy_snake_entry, uniq_nergalle
Lair:3:   layout_regular_city, minmay_swamp_entry_wisps, gammafunk_ghost_ooze,
          minmay_stone_trees_small, minmay_lindwurm_lava, uniq_gastronok,
          uniq_rupert

Skill      XL: |  1  2  3  4  5  6  7  8  9 10 11 |
---------------+----------------------------------+-----
Fighting       | 2 3 4 5 6 |  6.0
Ranged Weapons | 4 5 6 7 8 10 12 13 | 13.7
Dodging        | 2 3 5 6 8 9 10 12 | 12.0
Stealth        | 1 2 3 4 5 |  5.0

Action                     |  1- 3 |  4- 6 |  7- 9 | 10-12 || total
---------------------------+-------+-------+-------+-------++-------
  Melee: Flail             |       |       |     8 |       ||     8
   Fire: Shortbow          |    81 |   246 |   167 |       ||   494
         Arbalest          |       |       |   105 |   340 ||   445
    Use: Scroll            |       |     3 |     2 |     6 ||    11
 Armour: Leather armour    |    10 |    39 |    28 |       ||    77
         Steam dragon scal |       |       |    16 |    27 ||    43
  Dodge: Dodged            |    24 |   132 |   189 |   318 ||   663

Table legend: (Time is in decaauts)
 A = Elapsed time spent in this place.
 B = Non-inter-level travel time spent in this place.
 C = Inter-level travel time spent in this place.
 D = Time resting spent in this place.
 E = Time spent auto-exploring this place.
 F = Levels seen in this place.
 G = Mean time per level.
                   A        B        C        D        E       F      G
               +--------+--------+--------+--------+--------+-----+--------+
         Total |  15594 |  13263 |   2331 |   2456 |   7095 |  14 | 1113.9 |
       Dungeon |  13367 |  11344 |   2023 |   2168 |   5976 |  10 | 1336.7 |
        Temple |     34 |     29 |      5 |      0 |      0 |   1 |   34.0 |
          Lair |   2191 |   1888 |    303 |    287 |   1119 |   3 |  730.3 |
               +--------+--------+--------+--------+--------+-----+--------+

Top non-repeatable levels by time:
     D:5: 1983 daAuts
     D:9: 1806 daAuts
     D:3: 1802 daAuts
     D:7: 1523 daAuts
  Lair:1: 1383 daAuts
     D:4: 1236 daAuts
    D:10: 1214 daAuts
     D:2: 1158 daAuts
     D:6: 1095 daAuts
  Lair:2: 803 daAuts
     D:1: 791 daAuts
     D:8: 755 daAuts
  Temple: 34 daAuts
  Lair:3: 5 daAuts
